 Dungeon Crawl Stone Soup version 0.24-a0-715-g0b739ee41d (webtiles) character file.

Game seed: 12272352710359297852, levelgen mode: deterministic

21 Analysis the Shooter (level 2, 0/24 HPs)
             Began as a Centaur Hunter on Sept 30, 2019.
             Slain by an adder (2 damage)
             ... on level 1 of the Dungeon.
             The game lasted 00:03:33 (969 turns).

Analysis the Shooter (Centaur Hunter)                Turns: 969, Time: 00:03:34

Health: 0/24       AC:  6    Str: 14    XL:     2   Next: 62%
Magic:  2/2        EV:  7    Int: 10    God:
Gold:   54         SH:  0    Dex:  9    Spells: 1/1 levels left

rFire    . . .     SeeInvis .   b - +0 short sword
rCold    . . .     Gourm    .   (no shield)
rNeg     . . .     Faith    .   g - +0 scale mail
rPois    .         Spirit   .   (no helmet)
rElec    .         Reflect  .   (no cloak)
rCorr    .         Harm     .   (no gloves)
MR       .....                  (no barding)
Stlth    ..........             (no amulet)
HPRegen  0.08/turn              (no ring)
MPRegen  0.08/turn              (no ring)

@: lethally poisoned (0 -> -8), very quick
A: large, hooves 3, deformed body, speed 2, tough skin 3
a: no special abilities


You were on level 1 of the Dungeon.
You were not hungry.

You visited 1 branch of the dungeon, and saw 2 of its levels.

You collected 54 gold pieces.

Inventory:

Hand Weapons
 a - a +1 shortbow
 b - a +0 short sword (weapon)
Missiles
 d - 39 arrows
Armour
 g - a +0 scale mail (worn)
Scrolls
 c - 2 scrolls of remove curse {unknown}
 e - a scroll of fear {unknown}
 i - a scroll of amnesia {unknown}
Potions
 h - a potion of heal wounds {unknown}
 k - 2 potions of might {unknown}
 l - a potion of lignification {unknown}
Comestibles
 f - 2 rations
 j - 2 chunks of flesh


   Skills:
 + Level 2.2 Fighting
 * Level 5.7 Bows
 + Level 0.4 Armour
 + Level 1.6 Dodging
 - Level 0.4 Stealth


You had one spell level left.
You didn't know any spells.
Your spell library was empty.

Dungeon Overview and Level Annotations

Branches:
Dungeon (2/15)

Altars:


Innate Abilities, Weirdness & Mutations

You have hooves in place of feet.
Armour fits poorly on your strangely shaped body.
You cover ground very quickly.
You have extremely tough skin. (AC +3)


Message History

The adder is heavily wounded.
You feel sick. The adder bites you but does no damage. The adder bites you.
You are lethally poisoned!
The adder poisons you!
You barely miss the adder.
The adder is heavily wounded.
* * * LOW HITPOINT WARNING * * *
You feel sick. The adder bites you but does no damage.
You closely miss the adder.
The adder is heavily wounded.
* * * LOW HITPOINT WARNING * * *
You feel sick. The adder closely misses you. The adder bites you.
* * * LOW HITPOINT WARNING * * *
You hit the adder but do no damage. Your kick misses the adder.
The adder is heavily wounded.
* * * LOW HITPOINT WARNING * * *
You feel sick. The adder bites you.
* * * LOW HITPOINT WARNING * * *
The adder bites you.
You die...

#...#
#.#.#.#.#
#.'...
#...#
#.#.#.#.#
######
#...#
#.#...#.#
###...#
#.##..#.#
#.....#
#.##..#.#
##.....#
#.##..#.#
.)....##
#.###.#.#
##....#
#.#รท.S..#
#.....#
#...@>###
#.#.###
###.###
#.#.# #.#
..#.# #.#
###.# #.#
###.# #.#
....# #.#
##### #.#
#.#


You could see an adder.

Vanquished Creatures
  A leopard gecko (D:1)
  5 bats (D:1)
  A giant cockroach (D:2)
  5 goblins (D:1)
  3 hobgoblins (D:1)
  A kobold (D:2)
  2 rats (D:1)
18 creatures vanquished.

Notes
Turn   | Place    | Note
-------+----------+-------------------------------------------
     0 | D:1      | Analysis the Centaur Hunter began the quest for the Orb.
     0 | D:1      | Reached XP level 1. HP: 17/17 MP: 1/1
   526 | D:1      | Reached XP level 2. HP: 24/24 MP: 2/2
   969 | D:1      | Slain by an adder

Levels and vault maps discovered:
D:1:      tarquinn_simple_flora_water_d, layout_basic, minivault_11
D:2:      layout_basic, tso_oasis_becter

Action                   || total
-------------------------++-------
Melee: Short sword       ||    61
       Kick              ||    10
Armor: Scale mail        ||    32
Dodge: Dodged            ||    40

Table legend:
 A = Non-vault XP
 B = Vault XP
 C = Vault XP percentage of total XP
 D = Non-vault monster count
 E = Vault monster count
 F = Vault count percentage of total count
                 A         B        C        D         E       F
            +---------+---------+-------+---------+---------+-------
      Total |      30 |       0 |   0.0 |      18 |       0 |   0.0
            +---------+---------+-------+---------+---------+-------
        D:1 |      26 |       0 |   0.0 |      16 |       0 |   0.0
        D:2 |       4 |       0 |   0.0 |       2 |       0 |   0.0
            +---------+---------+-------+---------+---------+-------
